Map: Fracture LE

Players

Serral - Winner!

  • Race: Zerg Zerg
  • Spawn Location: 11:00

Scarlett

  • Race: Zerg Zerg
  • Spawn Location: 5:00

Event: WCS Montreal 2018

VOD

Have the link to the VOD?

Description

Time

  • Played on: Sept. 9, 2018, 9:17 a.m.
  • Length: 15:08

All games in this series

Show
View Real Time Build Order
Export as new Build Order

Serral Zerg - Winner!

Build Orders: Pool First 

Get SALT Encoding   

  12  0:00  Drone  
  13  0:12  Overlord  
  13  0:17  Drone  
  14  0:31  Drone x2  
  16  0:40  Spawning Pool  
  15  0:44  Drone  
  15  0:47  Drone  
  17  1:08  Hatchery  
  17  1:11  Drone  
  17  1:26  Extractor  
  17  1:27  Zergling x6  
  17  1:31  Queen  
  21  1:42  Zergling x2  
  22  1:55  Spine Crawler  
  22  1:56  Zergling x2  
  22  2:13  Baneling Nest  
  22  2:14  Zergling x2  
  21  2:19  Queen  
  21  2:20  Zergling x2  
  21  2:21  Zergling x2  
  26  2:22  Zergling x2  
  26  2:31  Zergling x2  
  27  2:37  Overlord  
  25  2:46  Zergling x2  
  25  2:50  Zergling x4  
  26  2:57  Baneling x2  
  26  2:58  Baneling x2  
  24  3:09  Baneling x2  
  24  3:19  Drone x3  
  25  3:43  Hatchery  
  25  3:46  Drone  
  25  3:50  Drone  
  25  3:53  Drone  
  27  3:58  Drone  
  27  4:02  Drone  
  29  4:12  Overlord  
  29  4:22  Metabolic Boost  
  29  4:26  Extractor, Queen  
  31  4:31  Overlord  
  31  4:35  Drone  
  32  4:43  Drone x3  
  35  4:54  Overlord  
  35  4:55  Drone  
  36  5:05  Drone  
  37  5:12  Baneling, Evolution Chamber  
  37  5:13  Zergling x2  
  38  5:14  Zergling x2  
  38  5:15  Drone x2  
  38  5:17  Drone  
  38  5:20  Drone  
  42  5:29  Zergling x2  
  42  5:33  Zergling x2  
  44  5:39  Zerg Missile Weapons Level 1  
  44  5:41  Drone x4  
  48  5:43  Drone  
  48  5:44  Roach Warren  
  48  5:46  Drone  
  49  5:50  Drone x2  
  49  5:55  Drone x2  
  53  6:08  Hatchery  
  53  6:10  Extractor x2  
  50  6:20  Overlord x2  
  50  6:22  Spine Crawler  
  50  6:24  Roach x4  
  57  6:26  Spine Crawler  
  57  6:31  Roach  
  58  6:33  Roach Warren  
  58  6:35  Roach  
  58  6:40  Spine Crawler  
  58  6:41  Roach  
  58  6:44  Roach  
  63  6:47  Roach  
  63  6:53  Roach x2  
  67  6:59  Zergling x8  
  61  7:10  Zergling x2  
  60  7:21  Zergling x4, Roach x3  
  66  7:23  Lair  
  66  7:29  Drone x4  
  61  7:45  Ravager x2  
  61  7:46  Drone x2  
  61  7:49  Drone  
  66  7:52  Hatchery  
  66  7:55  Overlord  
  65  8:04  Drone x5  
  69  8:09  Ravager x2  
  71  8:13  Queen  
  72  8:20  Overlord, Drone  
  72  8:24  Zerg Missile Weapons Level 2  
  73  8:29  Drone x5  
  73  8:33  Overlord  
  78  8:35  Drone  
  79  8:41  Roach x2  
  79  8:42  Roach  
  79  8:44  Glial Reconstitution  
  85  8:50  Overlord  
  85  8:55  Roach  
  87  8:58  Extractor, Overseer  
  87  8:59  Overlord  
  86  9:14  Drone x3  
  89  9:28  Overseer  
  89  9:29  Overlord  
  89  9:32  Drone x2  
  89  9:36  Roach x11  
  113  9:43  Extractor  
  113  9:44  Drone x4  
  114  9:50  Overlord  
  114  9:56  Drone x2  
  116  10:00  Overlord  
  116  10:01  Roach  
  118  10:08  Roach  
  118  10:14  Roach x8  
  128  10:21  Overlord  
  128  10:25  Roach x2  
  128  10:27  Hatchery  
  131  10:29  Roach x3  
  137  10:37  Overlord x2  
  137  10:38  Extractor  
  137  10:40  Roach x2  
  140  10:53  Tunneling Claws  
  140  10:54  Burrow  
  140  10:55  Zerg Ground Armor Level 1  
  138  10:59  Roach x4  
  145  11:04  Ravager  
  145  11:05  Roach x3  
  151  11:14  Overlord x2  
  151  11:15  Overlord  
  151  11:23  Pneumatized Carapace  
  151  11:24  Roach x4  
  151  11:25  Roach  
  161  11:35  Roach x5  
  171  11:51  Overseer  
  171  11:58  Roach  
  171  11:59  Roach x9  
  171  12:00  Ravager  
  192  12:02  Roach x9  
  192  12:03  Overlord  
  192  12:07  Overlord  
  192  12:09  Overseer  
  192  12:10  Overseer  
  192  12:20  Overlord x2  
  192  12:21  Unknown  
  192  12:22  Overlord  
  192  12:26  Unknown  
  192  12:35  Roach x5  
  200  12:38  Overseer  
  200  12:39  Overseer  
  200  12:47  Overseer  
  200  12:49  Unknown  
  200  12:50  Zerg Ground Armor Level 2  
  196  13:01  Roach x4  
  196  13:04  Roach x5  
  199  13:10  Roach x20  
  199  13:11  Drone  
  199  13:12  Ravager  
  199  13:13  Ravager  
  199  13:14  Roach  
  199  13:17  Roach x2  
  197  13:24  Roach x2  
  197  13:26  Roach x2  
  197  13:27  Roach x2  
  195  13:42  Roach x28  
  193  13:51  Roach x25  
  193  13:55  Roach x3  
  199  14:03  Overlord  
  199  14:05  Unknown  
  159  14:24  Roach x21  
  159  14:27  Roach x10  
  185  14:35  Roach x6  
  182  14:42  Roach x6  
  182  14:43  Roach  
  182  14:44  Ravager  
Show
View Real Time Build Order
Export as new Build Order

Scarlett Zerg 

Build Orders: 1 Base Baneling Bust, Pool First, Zergling Baneling 

Get SALT Encoding   

  12  0:00  Drone  
  13  0:12  Extractor  
  12  0:23  Spawning Pool  
  12  0:28  Drone  
  12  0:32  Drone  
  13  0:37  Drone  
  14  0:50  Overlord  
  14  1:10  Zergling x2  
  14  1:11  Zergling x4  
  16  1:13  Metabolic Boost  
  17  1:21  Zergling x2  
  18  1:33  Baneling Nest, Zergling x2  
  18  1:43  Zergling x2  
  19  1:49  Queen  
  21  1:55  Zergling x2  
  22  2:05  Overlord  
  22  2:23  Baneling x2  
  22  2:26  Zergling x4  
  24  2:32  Baneling  
  24  2:33  Baneling  
  24  2:40  Zergling x2  
  24  2:48  Zergling x2  
  24  2:59  Zergling x6  
  24  3:05  Baneling  
  27  3:07  Zergling x2  
  26  3:24  Drone  
  22  3:32  Hatchery  
  20  3:36  Baneling  
  20  3:39  Drone  
  21  3:45  Drone  
  22  3:50  Drone  
  22  3:52  Baneling  
  23  3:59  Drone  
  23  4:00  Drone  
  25  4:05  Drone  
  25  4:06  Drone  
  27  4:13  Overlord  
  27  4:16  Drone  
  28  4:20  Baneling x2  
  28  4:23  Drone  
  29  4:33  Drone x2  
  29  4:35  Drone x2  
  33  4:45  Queen  
  35  4:47  Drone  
  36  4:55  Drone x2  
  36  4:56  Drone  
  39  5:04  Overlord  
  39  5:08  Roach Warren  
  39  5:10  Drone  
  39  5:12  Drone  
  40  5:18  Drone x3  
  43  5:22  Overlord  
  43  5:29  Queen  
  43  5:33  Overlord  
  45  5:48  Roach x3  
  45  5:49  Roach x3  
  57  5:53  Roach x2  
  61  5:59  Roach x2  
  65  6:08  Overlord  
  65  6:09  Roach  
  67  6:18  Overlord  
  67  6:27  Baneling x5  
  67  6:29  Zergling x4  
  67  6:31  Zergling x8  
  67  6:32  Zergling x4  
  75  6:36  Baneling  
  75  6:41  Zergling x8  
  75  6:45  Zergling x2  
  80  6:48  Baneling  
  80  6:53  Zergling x2  
  81  6:55  Zergling x2  
  61  7:08  Zergling x10  
  61  7:09  Zergling x4  
  64  7:19  Zergling x2  
  64  7:22  Zergling x2  
  61  7:25  Extractor  
  61  7:27  Extractor  
  52  7:31  Roach  
  52  7:32  Roach  
  52  7:34  Hatchery  
  54  7:41  Drone x2  
  54  7:42  Lair  
  50  7:46  Evolution Chamber  
  43  7:53  Drone x7  
  43  7:54  Roach  
  52  8:11  Zerg Missile Weapons Level 1  
  52  8:12  Roach  
  54  8:13  Overlord  
  54  8:15  Drone x2  
  54  8:18  Extractor  
  55  8:22  Overlord, Drone x5  
  60  8:31  Drone  
  60  8:33  Drone  
  62  8:41  Glial Reconstitution  
  62  8:42  Overlord x2  
  62  8:45  Ravager x2  
  62  8:47  Roach  
  66  8:50  Roach  
  66  8:51  Drone  
  66  8:52  Drone  
  70  8:56  Roach x3  
  70  9:01  Overlord x3  
  76  9:05  Roach x2  
  76  9:09  Roach  
  82  9:15  Roach  
  84  9:19  Roach  
  84  9:20  Roach x5  
  96  9:26  Roach x3  
  96  9:29  Overlord x2  
  102  9:40  Roach x4  
  109  9:46  Drone x7  
  109  9:49  Extractor, Ravager x2  
  109  9:52  Drone x4  
  121  9:56  Overlord  
  121  9:58  Overseer  
  121  10:03  Roach x2  
  125  10:13  Roach x2  
  129  10:19  Overlord x2, Roach x4  
  137  10:23  Overlord  
  137  10:27  Extractor  
  136  10:34  Unknown  
  136  10:35  Overlord  
  136  10:36  Overlord x3  
  136  10:42  Unknown  
  136  10:46  Zerg Missile Weapons Level 2  
  136  10:47  Drone  
  136  10:48  Drone x3  
  136  10:49  Drone, Roach  
  149  10:50  Roach x3  
  145  11:00  Roach x5  
  151  11:05  Roach x2  
  151  11:09  Roach  
  151  11:10  Roach x2  
  161  11:13  Roach x2  
  161  11:16  Roach  
  161  11:17  Roach  
  169  11:20  Roach x2  
  169  11:21  Overseer  
  169  11:22  Unknown  
  169  11:25  Overseer  
  173  11:26  Roach  
  173  11:30  Tunneling Claws  
  175  11:35  Burrow  
  175  11:43  Roach x3  
  175  11:44  Roach x4  
  175  11:46  Overlord  
  189  11:50  Roach x2  
  189  11:52  Ravager  
  194  12:04  Overlord  
  194  12:14  Overseer  
  194  12:17  Roach x2  
  194  12:19  Ravager x2  
  194  12:22  Pneumatized Carapace  
  200  12:26  Spine Crawler  
  200  12:27  Spine Crawler  
  198  12:42  Ravager x2  
  200  12:58  Overlord x2  
  196  13:03  Zerg Ground Armor Level 1  
  180  13:05  Hatchery  
  180  13:07  Roach x8  
  180  13:08  Roach x2  
  180  13:12  Roach x19  
  199  13:19  Roach x23  
  197  13:24  Unknown x2  
  195  13:27  Roach x27  
  195  13:28  Ravager  
  180  13:41  Roach  
  180  13:42  Roach x8  
  180  13:47  Roach  
  200  13:49  Unknown  
  200  13:55  Overseer  
  200  13:59  Spine Crawler x2  
  200  14:01  Spine Crawler  
  149  14:27  Roach x17  
  141  14:35  Roach x3  
  116  14:40  Unknown x3  
  116  14:42  Roach  
  116  14:43  Roach  
  114  14:46  Roach x2  
Tags
 
Add a new tag
Caveats
  • Supply blocks, unpowered buildings, or Contaminate may cause inaccurate times.
  • Supply counts are checked every 10 seconds.